 Dungeon Crawl Stone Soup version 0.30-b1-2-g02819fbbbe (webtiles) character file.

Game seed: 8779455190114065431

175420 LLlMATKO the Warrior (level 17, -3/165 HPs)
             Began as a Minotaur Berserker on Nov 3, 2023.
             Was an Elder of Trog.
             Hit by a silver javelin thrown by a merfolk javelineer (5 damage)
             ... on level 4 of the Shoals on Nov 5, 2023.
             The game lasted 00:44:48 (28457 turns).

LLlMATKO the Warrior (Minotaur Berserker)          Turns: 28457, Time: 00:44:50

Health: -3/165     AC: 33    Str: 33    XL:     17   Next: 47%
Magic:  16/16      EV: 15    Int:  4    God:    Trog [****..]
Gold:   1977       SH: 19    Dex: 14    Spells: 16/16 levels left

rFire   + + .        c - +7 broad axe of Evisceration {heavy, rElec Str+4}
rCold   . . .        b - +0 tower shield
rNeg    + . .        S - +8 plate armour "Sezxucs" {Will+ Dex+3}
rPois   +            (helmet restricted)
rElec   +            y - +2 cloak {Stlth+}
rCorr   .            Y - +0 pair of gloves
SInv    .            g - +0 pair of boots
Will    ++++.        a - amulet of regeneration Stlth
                     s - ring of the Jackalope {rF++ rN+}
HPRegen 2.27/turn    i - ring of poison resistance
MPRegen 0.15/turn

%: no passive effects
@: about to teleport, strong-willed, regenerating, studying Shields, very slow
A: horns 2, retaliatory headbutt
a: Renounce Religion, Berserk, Trog's Hand, Brothers in Arms


You were on level 4 of the Shoals.
You worshipped Trog.
Trog was greatly pleased with you.
You visited 4 branches of the dungeon, and saw 26 of its levels.
You also visited: Ossuary, Bailey, Gauntlet, Ice Cave and Volcano.

You collected 3118 gold pieces.
You spent 1141 gold pieces at shops.

Inventory:

Hand Weapons
 c - the +7 broad axe of Evisceration (weapon) {heavy, rElec Str+4}
   (Trog gifted it to you on level 2 of the Lair of Beasts)

   Str:       It affects your strength (+4).
   rElec:     It insulates you from electricity.
 v - the +2 executioner's axe "Gythoadd" {flame, rPois Dex+5}
   (Trog gifted it to you in an ice cave)

   Dex:       It affects your dexterity (+5).
   rPois:     It protects you from poison.
 R - a +3 antimagic broad axe
Missiles
 o - 2 poisoned darts (quivered)
 F - a throwing net
Armour
 b - a +0 tower shield (worn)
 g - a +0 pair of boots (worn)
 y - a +2 cloak of stealth (worn)
 E - a +3 plate armour of cold resistance
 S - the +8 plate armour "Sezxucs" (worn) {Will+ Dex+3}
   (You bought it in a shop on level 2 of the Orcish Mines)

   Dex:       It affects your dexterity (+3).
   Will:      It increases your willpower.
 Y - a +0 pair of gloves (worn)
Jewellery
 a - an amulet of regeneration (around neck)
 i - a ring of poison resistance (right hand)
 s - the ring of the Jackalope (left hand) {rF++ rN+}
   (You found it in an ice cave)

   [ring of positive energy]

   rF:        It greatly protects you from fire.
   rN:        It protects you from negative energy.
 G - the ring "Yludoche" {rF+ rN+ Str+2}
   (You found it in a Gauntlet)

   [ring of positive energy]

   Str:       It affects your strength (+2).
   rF:        It protects you from fire.
   rN:        It protects you from negative energy.
 J - a ring of willpower
 P - a ring of see invisible
Wands
 n - a wand of digging (16)
 C - a wand of mindburst (24)
 D - a wand of roots (10)
 H - a wand of acid (16)
 K - a wand of flame (48)
 L - a wand of polymorph (3)
 W - a wand of paralysis (27)
Scrolls
 d - 7 scrolls of identify
 h - a scroll of brand weapon
 l - 6 scrolls of poison
 p - 9 scrolls of noise
 q - 6 scrolls of fear
 r - 4 scrolls of blinking
 w - 4 scrolls of immolation
 x - 2 scrolls of vulnerability
 z - 4 scrolls of fog
 A - 14 scrolls of teleportation
 B - a scroll of enchant weapon
 I - 2 scrolls of torment
 M - 2 scrolls of enchant armour
 T - a scroll of magic mapping
 X - 3 scrolls of silence
Potions
 e - 16 potions of heal wounds
 f - 18 potions of curing
 j - a potion of cancellation
 k - a potion of invisibility
 m - 3 potions of flight
 t - 4 potions of might
 u - 2 potions of berserk rage
 N - 8 potions of haste
 O - a potion of ambrosia
 V - 2 potions of resistance


   Skills:
 + Level 18.2 Fighting
 + Level 18.1 Axes
 + Level 18.0 Armour
 + Level 16.6 Dodging
 + Level 16.7 Shields


You had 16 spell levels left.
You didn't know any spells.
Your spell library was empty.

Dungeon Overview and Level Annotations

Branches:
Dungeon (15/15)            Temple (0/1) D:5            Lair (5/5) D:11
 Shoals (4/4) Lair:3       Spider (0/4) Lair:2        Slime (0/5) Lair:5
    Orc (2/2) D:10            Elf (0/3) Orc:2        Vaults (0/5) D:13
 Depths (0/4) D:15        Ossuary (visited)          Bailey (visited)
  IceCv (visited)         Volcano (visited)         Gauntlet (visited)

Altars:
Cheibriados
Elyvilon
Hepliaklqana
Makhleb
Nemelex Xobeh
Okawaru
Qazlal
Sif Muna
Trog
Uskayaw
Wu Jian
Xom
Yredelemnul
Zin
The Shining One

Shops:
Orc:2 :([*   Shoals:2 [[?(!   Shoals:3 ?


Innate Abilities, Weirdness & Mutations

You have a pair of horns on your head.
You reflexively headbutt those who attack you in melee.


Message History

* * * LOW HITPOINT WARNING * * *
The satyr plays a frightful melody on his pipes!
The satyr radiates an aura of fear!
You resist with almost no effort.
The faun points at you and mumbles some strange words.
You resist with almost no effort.
Your ogre goes berserk!
You recover from your berserk rage.
The merfolk javelineer throws a silver javelin.
The silver javelin pierces through you!
* * * LOW HITPOINT WARNING * * *
x2 The satyr unwields a +0 club.
The satyr wields a +0 longbow.
The satyr shoots an arrow.
You block the arrow.
The merfolk aquamancer points at you and mumbles some strange words.
The ball of steam hits you but does no damage.
The faun unwields a +0 spear.
The faun wields a +0 sling.
The faun shoots a sling bullet.
You block the sling bullet.
Your unstable footing causes you to fumble your attack.
The merfolk javelineer throws a silver javelin.
The silver javelin pierces through you.
* * * LOW HITPOINT WARNING * * *
x2 The satyr shoots an arrow.
The arrow hits you!
* * * LOW HITPOINT WARNING * * *
Unknown command.
You feel much better.
Your ogre hits the merfolk aquamancer with a +0 giant spiked club!
The faun shoots a sling bullet.
The sling bullet completely misses you.
The merfolk javelineer throws a silver javelin.
The silver javelin completely misses you.
You block the merfolk aquamancer's attack.
A faun comes into view. It is wielding a +0 quarterstaff.
The satyr shoots an arrow.
The arrow hits you!!
* * * LOW HITPOINT WARNING * * *
As you read the scroll of teleportation, it crumbles to dust.
You feel strangely unstable.
Your ogre closely misses the merfolk aquamancer.
The faun shoots a sling bullet.
You block the sling bullet.
The merfolk javelineer throws a silver javelin.
The silver javelin pierces through you!!
* * * LOW HITPOINT WARNING * * *
You die...

≈≈~~#######...........~~~~~~..~~~
≈~###~~##.##~.....##..~~÷~~~~.~~.
≈~##~~~≈~~.##..~..#.m~.~~~~~~~~~.
≈~##~~#~#~~#~..~~~~~~~~~~~~~~....
≈~###≈~[~≈~##....~~~~~..~~~~)...,
≈~##~~#~#~~#~~...~~~~~..~~~..,,,,
≈~##~~~≈~~~##~........~~~~..,,,,,
≈~~#)~~#~~###.)m~m......~).,,,,,,
≈≈~)#######~...O@~......,,,,,,,,,
≈≈~~~~~~##~.....§......#*,,,,,,,,
≈~~~~~~~..).....§......#*,,,,,,,,
≈~~~~~.................#*,,,,,,,,
≈~~~~..................#*,,,,,,,,
≈~~~~~~................#*,,,,....
≈~P~~~~~~)..........c..c,,,,..~~.
≈≈P~~~P~~~^~~.....P.Pc~.,~,,.~~~~
≈≈~~~~~~P~~~~~~~~~~~~,,,~~~~~~~~~


You could see 2 merfolk javelineers, a satyr, a merfolk aquamancer (ally
target), 2 fauns and a friendly ogre (summoned, berserk).

Vanquished Creatures
  Saint Roka (Orc:2)
  Jorgrun (Shoals:1)
  Rupert (Orc:2)
  Kirke (D:12)
  Louise (Shoals:1)
  A frost giant (Shoals:4)
  An orc warlord (Orc:2)
  A stone giant (D:15)
  Nessos (D:12)
  Azrael (D:14)
  2 merfolk javelineers
  4 merfolk impalers
  A merfolk avatar (Shoals:4)
  A hell beast (Gauntlet)
  6 hydras
  4 alligator snapping turtles
  2 ogre magi
  A merfolk aquamancer (Shoals:4)
  6 centaur warriors
  4 satyrs
  7 death yaks
  11 two-headed ogres
  6 boulder beetles
  An orc high priest (Orc:2)
  A deep elf knight (D:13)
  Nergalle (Orc:1)
  3 large abominations (Gauntlet)
  5 skysharks
  3 skeletal warriors
  3 sea snakes
  A deep troll (shapeshifter) (D:13)
  2 anaconda skeletons (Volcano)
  3 deep elf pyromancers
  2 deep elf zephyrmancers (D:13)
  4 orc knights
  3 orc sorcerers (Orc:2)
  14 ugly things
  6 harpies (Shoals:1)
  2 wolf spiders (Lair:5)
  8 cyclopes
  30 fauns
  3 elephants (Lair:3)
  15 manticores
  9 merfolk sirens
  A guardian serpent (Lair:5)
  2 water nymphs
  8 gargoyles
  An ice statue (IceCv)
  A torpor snail (Gauntlet)
  13 black mambas
  2 centaur skeletons (D:13)
  4 rime drakes
  A kobold demonologist (D:14)
  16 cane toads
  5 yaktaurs (D:15)
  3 freezing wraiths (IceCv)
  5 unseen horrors
  8 komodo dragons
  Psyche (D:10)
  11 ice devils (IceCv)
  19 merfolk
  7 trolls
  3 meliai (D:13)
  4 wind drakes
  2 hornets (Lair:5)
  A polar bear (D:11)
  22 blink frogs
  2 harpy skeletons (Volcano)
  9 snapping turtles
  A jumping spider (Lair:2)
  2 flying skulls (Volcano)
  4 slime creatures
  2 culicivoras (Lair:2)
  2 alligator skeletons (Volcano)
  4 small abominations (Gauntlet)
  2 dire elephant simulacra (IceCv)
  23 yaks
  3 basilisks
  5 water elementals
  14 wyverns
  4 wraiths
  5 shadows
  4 hogs (D:12)
  2 redbacks
  4 fire elementals (D:14)
  3 steam dragons
  9 vampire mosquitoes (D:12)
  5 wargs (Orc:2)
  4 death yak simulacra (IceCv)
  Menkaure (D:6)
  An acid dragon (D:13)
  2 harpy simulacra (IceCv)
  19 water moccasins
  A hydra simulacrum (IceCv)
  5 hell hounds
  30 orc warriors
  8 ice beasts
  A black bear (Lair:3)
  19 centaurs
  18 wolves
  A centaur (shapeshifter) (D:13)
  10 ogres
  A gnoll sergeant (D:10)
  6 bullfrogs
  A scorpion (D:6)
  A two-headed ogre simulacrum (IceCv)
  4 water moccasin zombies (Ossuary)
  7 cane toad simulacra (IceCv)
  15 killer bees
  2 elephant simulacra (IceCv)
  3 jellies
  A spriggan skeleton (Volcano)
  3 troll skeletons (Volcano)
  11 electric eels
  10 howler monkeys
  20 orc priests
  5 hounds
  Jessica (D:3)
  8 iguanas
  27 orc wizards
  A sleepcap (D:4)
  2 polar bear simulacra (IceCv)
  16 hell rats
  2 boggart skeletons (D:13)
  2 spriggan simulacra (IceCv)
  4 wolf simulacra (IceCv)
  A naga skeleton (Volcano)
  2 mummies (Ossuary)
  Robin (D:3)
  12 gnolls
  4 adders
  A naga simulacrum (IceCv)
  12 river rats (Lair:2)
  A shadow imp (D:7)
  4 white imps
  An ufetubus (D:4)
  5 adder zombies (Ossuary)
  2 worms
  5 dart slugs
  75 orcs
  7 ball pythons
  5 endoplasms
  5 giant cockroaches
  17 goblins
  15 hobgoblins
  6 jackals
  17 kobolds
  10 quokkas
  3 bats
  7 frilled lizards
  5 gnoll zombies (Ossuary)
  A goblin skeleton (D:7)
  A goblin zombie (D:7)
  5 hobgoblin zombies
  2 kobold skeletons (D:7)
  6 kobold zombies
  8 orc zombies
  15 rats
  21 bushes (Lair:4)
988 creatures vanquished.

Vanquished Creatures (collateral kills)
  The ghost of NitroKuite the Brawler, an adept TrFi of Qazlal (Shoals:2)
  An orc warlord (Bailey)
  A minotaur (Gauntlet)
  A merfolk javelineer (Shoals:4)
  A merfolk impaler (Shoals:4)
  2 satyrs (Shoals:3)
  A boulder beetle (D:9)
  A necromancer (IceCv)
  An orc knight (Orc:2)
  5 fauns
  A manticore (Shoals:4)
  2 merfolk sirens
  3 ice devils (IceCv)
  An anaconda simulacrum (IceCv)
  4 merfolk
  A warg (Orc:2)
  A centaur (D:9)
  A cane toad simulacrum (IceCv)
  An orc (Orc:2)
30 creatures vanquished.

Vanquished Creatures (others)
  A harpy (Shoals:1)
  43 fungi
  126 plants
170 creatures vanquished.

Grand Total: 1188 creatures vanquished

Notes
Turn   | Place    | Note
-------+----------+-------------------------------------------
     0 | D:1      | LLlMATKO the Minotaur Berserker began the quest for the
                  | Orb.
     0 | D:1      | Reached XP level 1. HP: 19/19 MP: 0/0
   240 | D:1      | Reached XP level 2. HP: 9/27 MP: 1/1
   692 | D:1      | Reached ** piety under Trog
   912 | D:2      | Reached XP level 3. HP: 33/33 MP: 2/2
  1638 | D:3      | Noticed Jessica
  1658 | D:3      | Killed Jessica
  1659 | D:3      | Reached XP level 4. HP: 41/41 MP: 3/3
  1703 | D:3      | Found a hide-covered altar of Uskayaw.
  1705 | D:3      | Identified the +0 ring mail of Gallantry {Regen+ rCorr}
  1909 | D:3      | Found a basalt altar of Yredelemnul.
  1984 | D:3      | Noticed Robin
  1996 | D:3      | Killed Robin
  2010 | D:3      | Found a glowing silver altar of Zin.
  2060 | D:3      | Reached *** piety under Trog
  2186 | D:3      | Reached XP level 5. HP: 47/47 MP: 4/4
  2418 | D:4      | Reached skill level 5 in Fighting
  2471 | D:4      | Reached skill level 5 in Axes
  2474 | D:4      | Reached XP level 6. HP: 48/56 MP: 5/5
  2956 | D:4      | Found the +0 toga "Victory" {*Victory Clar}
  3111 | D:5      | Entered Level 5 of the Dungeon
  3125 | D:5      | Noticed a wyvern
  3132 | D:5      | Killed a wyvern
  3133 | D:5      | Reached skill level 5 in Armour
  3133 | D:5      | Reached XP level 7. HP: 54/62 MP: 6/6
  3262 | D:5      | Found a sparkling altar of Nemelex Xobeh.
  3345 | D:5      | Found a staircase to the Ecumenical Temple.
  3366 | D:5      | Reached skill level 5 in Dodging
  3447 | D:5      | Found a shimmering blue altar of Sif Muna.
  3700 | D:5      | Found a white marble altar of Elyvilon.
  3768 | D:5      | Reached **** piety under Trog
  3876 | D:6      | Reached XP level 8. HP: 44/71 MP: 7/7
  3918 | D:6      | Found a sand-covered staircase.
  3922 | Ossuary  | Entered an ossuary
  4078 | Ossuary  | Reached ***** piety under Trog
  4177 | D:6      | Noticed Menkaure
  4187 | D:6      | Killed Menkaure
  4290 | D:6      | Identified the +2 spear of the Supporting King {drain,
                  | *Noise rPois Dex+3 SInv}
  4338 | D:6      | Killed an unseen horror
  4435 | D:6      | Identified the +1 chain mail of Tefyh Hir {Drain rElec rC+
                  | Int+3}
  4665 | D:6      | Reached XP level 9. HP: 77/81 MP: 8/8
  4726 | D:6      | You fall into a shaft and drop 2 floors!
  4746 | D:8      | Identified the +11 dagger of Cheibriados's Respect
                  | {protect, Str+4}
  4807 | D:7      | Found a snail-covered altar of Cheibriados.
  4909 | D:7      | Found a glowing golden altar of the Shining One.
  5111 | D:6      | Identified the +4 ring mail "Jyitorol" {Contam Will+ Str+3
                  | Int+2}
  5695 | D:8      | Found a burning altar of Makhleb.
  5820 | D:8      | Found a stormy altar of Qazlal.
  5890 | D:8      | Reached XP level 10. HP: 82/91 MP: 9/9
  6257 | D:9      | Found a shimmering altar of Xom.
  6350 | D:9      | Found an iron altar of Okawaru.
  6530 | D:9      | Noticed a boulder beetle
  6535 | D:9      | Killed a boulder beetle
  6536 | D:9      | Reached skill level 10 in Fighting
  6536 | D:9      | Reached skill level 10 in Axes
  7212 | D:10     | Entered Level 10 of the Dungeon
  7217 | D:10     | Noticed Psyche
  7218 | D:10     | Paralysed by Psyche for 3 turns
  7272 | D:10     | Paralysed by Psyche for 3 turns
  7292 | D:10     | Killed Psyche
  7415 | D:10     | Found a flagged portal.
  7424 | Bailey   | Entered a bailey
  7442 | Bailey   | Noticed an orc warlord
  7448 | Bailey   | Reached skill level 10 in Armour
  7467 | Bailey   | Noticed an orc knight
  7481 | Bailey   | Killed an orc knight
  7553 | Bailey   | Found a runed translucent gate.
  7553 | Bailey   | Found a runed translucent gate.
  7553 | Bailey   | Found a runed translucent gate.
  7751 | Bailey   | Killed an orc warlord
  7767 | Bailey   | Reached skill level 10 in Dodging
  7767 | Bailey   | Reached XP level 11. HP: 104/104 MP: 10/10
  7876 | D:10     | Found a staircase to the Orcish Mines.
  7987 | D:10     | Reached XP level 12. HP: 96/112 MP: 11/11
  8446 | D:10     | Noticed a two-headed ogre
  8455 | D:10     | Killed a two-headed ogre
  8455 | D:10     | Received a gift from Trog
  8456 | D:10     | Reached skill level 1 in Shields
  8530 | D:10     | Found an ornate altar of the Wu Jian Council.
  9452 | D:11     | Found a staircase to the Lair.
  9863 | D:11     | Noticed a two-headed ogre
  9875 | D:11     | Killed a two-headed ogre
 10087 | Lair:1   | Entered Level 1 of the Lair of Beasts
 11003 | Lair:2   | Noticed a seven-headed hydra
 11011 | Lair:2   | Killed an 11-headed hydra
 11013 | Lair:2   | Reached skill level 5 in Shields
 11061 | Lair:2   | Noticed a six-headed hydra
 11061 | Lair:2   | Noticed a boulder beetle
 11067 | Lair:2   | Killed an eight-headed hydra
 11074 | Lair:2   | Killed a boulder beetle
 11197 | Lair:2   | Reached XP level 13. HP: 122/122 MP: 12/12
 11735 | Lair:2   | Identified the +7 broad axe of Evisceration {heavy, rElec
                  | Str+4} (Trog gifted it to you on level 2 of the Lair of
                  | Beasts)
 11735 | Lair:2   | Received a gift from Trog
 11846 | Lair:2   | Found a hole to the Spider Nest.
 12552 | Lair:2   | Found a hole to the Spider Nest.
 13486 | Lair:3   | Found a staircase to the Shoals.
 14421 | Lair:3   | Reached XP level 14. HP: 133/133 MP: 13/13
 15357 | Lair:5   | Entered Level 5 of the Lair of Beasts
 15361 | Lair:5   | Found a staircase to the Slime Pits.
 15383 | Lair:5   | Found a dark tunnel.
 15387 | Volcano  | Entered a volcano
 15458 | Volcano  | Reached ****** piety under Trog
 15717 | Lair:5   | Found a frozen archway.
 15730 | IceCv    | Entered an ice cave
 15781 | IceCv    | Identified the +2 executioner's axe "Gythoadd" {flame,
                  | rPois Dex+5} (Trog gifted it to you in an ice cave)
 15781 | IceCv    | Received a gift from Trog
 15932 | IceCv    | Found an ancient bone altar of Kikubaaqudgha.
 15942 | IceCv    | Reached skill level 15 in Axes
 15944 | IceCv    | Reached skill level 15 in Fighting
 16150 | IceCv    | Identified the ring of the Jackalope {rF++ rN+}
 16806 | Lair:5   | Reached skill level 15 in Armour
 16867 | Lair:5   | Reached skill level 10 in Shields
 17136 | Lair:5   | Identified the +4 falchion of Impeachment {antimagic, Str+3
                  | Int-4}
 17292 | Lair:5   | Received a gift from Trog
 17493 | Lair:5   | Found a staircase to the Slime Pits.
 18193 | Lair:5   | Found a staircase to the Slime Pits.
 19141 | Orc:1    | Entered Level 1 of the Orcish Mines
 19149 | Orc:1    | Noticed Nergalle
 19157 | Orc:1    | Killed Nergalle
 19356 | Orc:2    | Entered Level 2 of the Orcish Mines
 19362 | Orc:2    | Noticed Rupert
 19390 | Orc:2    | Killed Rupert
 19391 | Orc:2    | Reached XP level 15. HP: 117/141 MP: 14/14
 19676 | Orc:1    | Found a bloodstained altar of Trog.
 20145 | Orc:2    | Received a gift from Trog
 20197 | Orc:2    | Noticed Saint Roka
 20217 | Orc:2    | Killed Saint Roka
 20461 | Orc:2    | Found Viackesk's Antique Armour Emporium.
 20486 | Orc:2    | Found Hifrauha's General Store.
 20499 | Orc:2    | Found Ecuirgh's Antique Weapon Emporium.
 20746 | Orc:2    | Found Denoewizxi's Book Emporium.
 20779 | Orc:2    | Found a staircase to the Elven Halls.
 20883 | Orc:2    | Bought a scroll of magic mapping for 112 gold pieces
 21275 | Orc:2    | Found a staircase to the Elven Halls.
 21389 | Orc:2    | Found Ecuirgh's Antique Weapon Emporium.
 21479 | Orc:2    | Found Denoewizxi's Book Emporium.
 21487 | Orc:2    | Found Viackesk's Antique Armour Emporium.
 21521 | Orc:2    | Found Hifrauha's General Store.
 21537 | Orc:2    | Bought a faintly humming plate armour for 812 gold pieces
 21537 | Orc:2    | Identified the +8 plate armour "Sezxucs" {Will+ Dex+3} (You
                  | bought it in a shop on level 2 of the Orcish Mines)
 21562 | Orc:2    | Bought a glowing cloak for 217 gold pieces
 21760 | D:12     | Noticed Kirke
 21765 | D:12     | Killed Kirke
 21778 | D:12     | Found a gate leading to a gauntlet.
 21801 | Gauntlet | Entered a Gauntlet
 21801 | Gauntlet | Found a transporter.
 21801 | Gauntlet | Found a transporter.
 21807 | Gauntlet | Found a transporter.
 21824 | Gauntlet | Found a transporter.
 21837 | Gauntlet | Found a transporter.
 21837 | Gauntlet | Found a transporter.
 21837 | Gauntlet | Found a transporter.
 21839 | Gauntlet | Found a transporter.
 21839 | Gauntlet | Found a transporter.
 21852 | Gauntlet | Found a transporter.
 21867 | Gauntlet | Found a transporter.
 21877 | Gauntlet | Found a transporter.
 21891 | Gauntlet | Found a transporter.
 21911 | Gauntlet | Found a transporter.
 21912 | Gauntlet | Found a runed translucent door.
 22016 | Gauntlet | Identified the ring "Yludoche" {rF+ rN+ Str+2}
 22050 | Gauntlet | Identified the ring "Anoseoma" {EV+5 Str-2 Int+4}
 22364 | D:12     | Noticed Nessos
 22381 | D:12     | Killed Nessos
 22865 | D:13     | Reached skill level 15 in Dodging
 22971 | D:13     | Found a gate to the Vaults.
 23070 | D:13     | Received a gift from Trog
 23597 | D:14     | Reached XP level 16. HP: 152/152 MP: 15/15
 23727 | D:14     | Found a sparkling altar of Nemelex Xobeh.
 23739 | D:14     | Noticed Azrael
 23749 | D:14     | Killed Azrael
 24241 | D:14     | Found a glowing silver altar of Zin.
 24289 | D:15     | Entered Level 15 of the Dungeon
 24300 | D:15     | Found a hazy altar of Hepliaklqana.
 24388 | D:15     | Found a staircase to the Depths.
 25193 | Shoals:1 | Entered Level 1 of the Shoals
 25268 | Shoals:1 | Noticed Louise
 25283 | Shoals:1 | Killed Louise
 25283 | Shoals:1 | Received a gift from Trog
 25541 | Shoals:1 | Noticed Jorgrun
 25554 | Shoals:1 | Killed Jorgrun
 25878 | Shoals:2 | Found Vepun's Weapon Emporium.
 25980 | Shoals:2 | Found Wacuweaq's Magic Scroll Emporium.
 26049 | Shoals:2 | Found Ileilezett's Distillery.
 26109 | Shoals:2 | Found Qaepowugi's Antique Armour Boutique.
 26211 | Shoals:2 | Reached skill level 15 in Shields
 26360 | Shoals:2 | Received a gift from Trog
 26377 | Shoals:2 | Found a runed translucent door.
 26560 | Shoals:2 | Found Tokaxt's Antique Armour Shoppe.
 26608 | Shoals:2 | Noticed NitroKuite's ghost (adept TrFi)
 26749 | Shoals:2 | Killed NitroKuite's ghost
 26941 | Shoals:3 | Reached XP level 17. HP: 163/163 MP: 16/16
 27282 | Shoals:3 | Found Wybrufia's Magic Scroll Shop.
 27384 | Shoals:3 | Received a gift from Trog
 27832 | Shoals:4 | Entered Level 4 of the Shoals
 28457 | Shoals:4 | HP: 2/165 [merfolk javelineer/silver javelin (19)]
 28457 | Shoals:4 | Hit by a silver javelin thrown by a merfolk javelineer

Illustrated notes

Levels and vault maps discovered:
D:1:      dpeg_arrival_tiny_c, layout_loops_ring
D:2:      layout_loops_ring
D:3:      layout_loops_ring, mainiacjoe_overflow_24_doors,
          mainiacjoe_overflow_alcove_4, mainiacjoe_overflow_brackets,
          serial_bayou_pond_b, uniq_jessica, uniq_robin
D:4:      layout_layer_cave
D:5:      layout_loops_ring, mainiacjoe_overflow_small_starburst,
          lemuel_blue_sif_altar, elyvilon_altar_3, minmay_temple_entry_glass
D:6:      layout_basic, nicolae_ossuary_entry_plus, minmay_three_doors,
          uniq_menkaure
D:7:      layout_basic, kennysheep_slug_shrine, nicolae_tso_besieged_by_evil
D:8:      layout_rooms, mainiacjoe_overflow_cross_hatched,
          mainiacjoe_overflow_concentric_impassable
D:9:      layout_basic, nicolae_overflow_crystal_walls, okawaru_trees_2
D:10:     layout_stronghold, mainiacjoe_overflow_alcove_2,
          minmay_orc_entry_temple_small, enter_bailey_2, serial_bayou_lake_a,
          uniq_psyche
D:11:     layout_long_grid, hellmonk_lair_entry_icy
D:12:     layout_roguey, gauntlet_entry_generic, uniq_nessos, uniq_kirke
D:13:     layout_roguey, hangedman_vaults_entry_quadrant_bands, minivault_14
D:14:     layout_roguey, lemuel_coloured_pillars_altar, minmay_misc_feat_roman,
          nemelex_diamond_rough_becter, uniq_azrael
D:15:     grunt_enter_depths_giant_problem, layout_long_grid,
          nicolae_hepliaklqana_hazy_memory
Lair:1:   layout_cellular_growth, chequers_serial_rivers_marsh,
          grunt_megastairs_2
Lair:2:   lemuel_ratsnest, layout_layer_cave, spider_nest_entry_funnel_web,
          chequers_serial_rivers_large_b, st_stairs_4, minmay_shattered_shrine
Lair:3:   nzn_winding_woodlands_stair_cross [nzn_winding_woodlands_5x15_crooked,
          nzn_winding_woodlands_center_garden, nzn_winding_woodlands_5x15_eye,
          nzn_winding_woodlands_5x5_cross, nzn_winding_woodlands_5x5_three,
          nzn_winding_woodlands_5x15_longhouse,
          nzn_winding_woodlands_center_pierced_h,
          nzn_winding_woodlands_5x15_sidewinder], layout_long_grid,
          elwin_shoals_entry_stream, grunt_forest_large_clearing_hut
Lair:4:   layout_hall_layers, serial_forest, infiniplex_forest_diagonal,
          infiniplex_forest_straight_5, infiniplex_forest_clump_long,
          infiniplex_forest_clump_medium, infiniplex_forest_fountain,
          infiniplex_forest_end_1, infiniplex_forest_side_room
Lair:5:   hangedman_lair_tendril_chambers, layout_cellular_growth,
          minmay_slime_entry_pillars, nicolae_volcano_entry_lava_flow,
          portal_ice_cave_entry_pillars_1, infiniplex_staircase_pool
Shoals:1: layout_shoals, uniq_jorgrun, uniq_louise
Shoals:2: layout_shoals, ebering_ghost_inner_flame, serial_shops, shop, shop,
          nicolae_square_shop, shop, nicolae_shop_bloodbath_and_beyond
Shoals:3: layout_shoals, serial_shops, shop_scrolls
Shoals:4: shoals_end_grunt_ice, layout_shoals
Orc:1:    layout_caves, basic_altar, rock_pile, uniq_nergalle
Orc:2:    grunt_orc_cross, layout_caves, uniq_rupert

Skill      XL: |  1  2  3  4  5  6  7  8  9 10 11 12 13 14 15 16 17 |
---------------+----------------------------------------------------+-----
Fighting       | 4 5 6 8 9 11 13 14 15 16 17 18 | 18.2
Axes           | 4 5 6 8 9 11 13 14 15 16 17 18 | 18.1
Armour         | 3 4 5 6 7 9 11 12 14 15 16 17 18 | 18.0
Dodging        | 3 4 5 6 8 10 12 13 14 15 16 | 16.6
Shields        | 5 8 10 12 15 16 | 16.7

Action                     |  1- 3 |  4- 6 |  7- 9 | 10-12 | 13-15 | 16-18 || total
---------------------------+-------+-------+-------+-------+-------+-------++-------
  Melee: Hand axe          |    86 |   123 |   335 |   441 |    77 |       ||  1062
         Headbutt          |     7 |    12 |    66 |   104 |   156 |    99 ||   444
         Punch             |     1 |     1 |     4 |     3 |       |       ||     9
         Broad axe         |       |       |       |       |   756 |   448 ||  1204
  Throw: Dart              |       |       |     2 |     4 |    18 |    16 ||    40
         Throwing net      |       |       |     2 |       |     4 |       ||     6
 Invoke: Berserk           |     1 |     1 |     4 |    12 |    20 |     9 ||    47
         Trog's Hand       |       |       |       |     4 |    11 |    10 ||    25
         Brothers in Arms  |       |       |       |     2 |     4 |     7 ||    13
    Use: Scroll            |       |       |     2 |    11 |    13 |    10 ||    36
         Potion            |       |       |       |     1 |       |     1 ||     2
   Stab: Distracted        |       |       |       |       |       |     3 ||     3
 Armour: Animal skin       |     8 |       |       |       |       |       ||     8
         Ring mail         |    12 |    22 |    96 |   120 |   153 |       ||   403
         Plate armour      |       |       |       |       |   133 |   227 ||   360
  Dodge: Dodged            |    50 |   117 |   196 |   265 |   546 |   257 ||  1431
  Block: Buckler           |       |       |       |    34 |   167 |       ||   201
         Kite shield       |       |       |       |       |   130 |    91 ||   221
         Tower shield      |       |       |       |       |       |   386 ||   386
